 Dungeon Crawl Stone Soup version 0.16-a0-2040-g47efe85 (webtiles) character file.

53 Faulk the Firebug (level 3, -6/26 HPs)
             Began as a Salamander Fire Elementalist on Dec 4, 2014.
             Mangled by a worm (11 damage)
             ... on level 2 of the Dungeon.
             The game lasted 00:08:32 (2099 turns).

Faulk the Firebug (Salamander Fire Elementalist)    Turns: 2099, Time: 00:08:33

Health: -6/26      AC:  5    Str:  7    XL:     3   Next: 62%
Magic:  1/8        EV: 12    Int: 16    God:
Gold:   88         SH:  0    Dex: 14    Spells: 1 memorised, 7 levels left

rFire  . . .     SeeInvis .     e - +0 dagger
rCold  x . .     Clarity  .     a - +0 robe
rNeg   . . .     SustAb   .     (no shield)
rPois  .         Gourm    .     (no helmet)
rElec  .         Spirit   .     (no cloak)
rCorr  .         Warding  .     h - +0 pair of gloves
rMut   .         Stasis   .     (no barding)
MR     .....                    (no amulet)
Stlth  ++........               (no ring)
                                (no ring)

@: very slightly contaminated, not resistant to hostile enchantments, unstealthy
A: fiery attack, tough skin 2, cold vulnerability 1
a: no special abilities


You were on level 2 of the Dungeon.
You were not hungry.

You visited 1 branch of the dungeon, and saw 2 of its levels.

You collected 88 gold pieces.

Inventory:

Hand weapons
 e - a +0 dagger (weapon)
Armour
 a - a +0 robe (worn)
 h - a +0 pair of gloves (worn)
Scrolls
 d - 2 scrolls of fog {unknown}
 f - a scroll of identify {unknown}
 g - a scroll of remove curse {unknown}
 j - 2 scrolls of teleportation {unknown}
 m - a scroll of amnesia {unknown}
Potions
 k - a potion of invisibility
Books
 b - a book of Flames

   Spells                             Type                      Level
   *Flame Tongue                      Conjuration/Fire             1
   Throw Flame                        Conjuration/Fire             2
   Conjure Flame                      Conjuration/Fire             3
   Inner Flame                        Hexes/Fire                   3
   Sticky Flame                       Conjuration/Fire             4
   Fireball                           Conjuration/Fire             5
Comestibles
 c - a bread ration
 i - a chunk of flesh


   Skills:
 + Level 0.2 Short Blades
 - Level 2.1 Dodging
 - Level 2.1 Stealth
 + Level 3.0 Spellcasting
 + Level 1.7 Conjurations
 + Level 5.0 Fire Magic


You had 7 spell levels left.
You knew the following spells:

 Your Spells              Type           Power        Failure   Level  Hunger
a - Flame Tongue          Conj/Fire      ##...        6%          1    #......


Dungeon Overview and Level Annotations

Branches:
Dungeon (2/15)

Altars:
Cheibriados
Elyvilon
Trog


Innate Abilities, Weirdness & Mutations

You cannot wear boots.
You have very tough skin (AC +2).
You are vulnerable to cold.


Message History

Casting: Flame Tongue
Confirm with . or Enter, or press ? or * to list all spells.
You don't have enough magic to cast that spell.
You hit the worm.
The worm is lightly wounded.
The worm bites you but does no damage.
You hit the worm but do no damage.
The worm is lightly wounded.
The worm bites you.
You hit the worm but do no damage.
The worm is lightly wounded.
The worm bites you!
* * * LOW HITPOINT WARNING * * *
You hit the worm.
The worm is lightly wounded.
The worm barely misses you.
You hit the worm.
The worm is moderately wounded.
The worm bites you!
You die...

#.##.# #....# #### #....#
### ...###....#### ##....
##.......>..... ##......
#..........## #........
#..........######....#...)
#.###..........##...###....
#.# #...##.##..@w...#y#._..
#.# #...##.##.###...###...)
#<# ##.###.##.# #....#....#
#.# .# #..#.# #.........#
#.# ##.#.# ##.......## ##.#
#.#.# ###....### ...# #.#.#
#.###### #### #.#.# #.#
#.####...###.#


You could see a moth of wrath and a worm (berserk).

Vanquished Creatures
  3 worms
  A giant gecko (D:1)
  6 goblins
  4 hobgoblins (D:1)
  4 kobolds (D:1)
  3 bats
  2 giant cockroaches (D:2)
  3 giant newts (D:1)
  11 rats
37 creatures vanquished.

Notes
Turn   | Place    | Note
--------------------------------------------------------------
     0 | D:1      | Faulk, the Salamander Fire Elementalist, began the quest for the Orb.
     0 | D:1      | Reached XP level 1. HP: 14/14 MP: 3/3
   470 | D:1      | Reached XP level 2. HP: 20/20 MP: 2/6
  1337 | D:1      | Found a snail-covered altar of Cheibriados.
  1346 | D:1      | Reached XP level 3. HP: 15/26 MP: 1/7
  1910 | D:2      | Found a white marble altar of Elyvilon.
  2070 | D:2      | Noticed a moth of wrath
  2073 | D:2      | Found a bloodstained altar of Trog.
  2088 | D:2      | Reached skill level 5 in Fire Magic
  2099 | D:2      | Mangled by a worm

Action                   || total
-------------------------++-------
Melee: Unarmed           ||    31
       Dagger            ||    25
 Cast: Flame Tongue      ||    65
  Use: Potion            ||     5
  Eat: Chunk             ||     4
